AoeStats
← King_Rodriguez

Arabian Desert

510060339Analyzed
1v1 RM · 1d ago on Sep 29, 2026· 71m 55s· 2 players
Game mode
Random Map
Map size
Tiny (2 player)
Population
200
Speed
Normal
Resources
Standard
Victory
Conquest
Starting age
Dark Age
Ending age
Imperial Age
RankedLock teamsTeams togetherTeam positionsShared explorationLock speedFull tech treeHidden civsTurbo modeCheats
Victory
Defeat
🇮🇳 Japanese · India
635
+16
🇩🇪 Britons · Germany
636
-16
Simpleton3728
11:00 Feudal Age
9:16 Loom
11:45 Man-at-Arms
13:09 Wheelbarrow
12:25 Double-Bit Axe
12:23 Horse Collar
15:32 Wheelbarrow
19:23 Scale Mail Armor
19:34 Forging
23:43 Castle Age
21:59 Gold Mining
22:20 Padded Archer Armor
23:30 Fletching
25:19 Bow Saw
24:49 Pikeman
25:30 Squires
25:17 Gambesons
25:59 Chain Mail Armor
26:21 Iron Casting
26:30 Heavy Plow
27:47 Town Watch
29:23 Masonry
28:45 Long Swordsman
29:42 Bodkin Arrow
30:04 Leather Archer Armor
29:14 Elite Skirmisher
34:12 Arson
36:30 Hand Cart
41:44 Thumb Ring
47:20 Imperial Age
58:24 Chemistry
57:22 Murder Holes
62:23 Heavy Scorpion
63:29 Onager
64:53 Ballistics
65:55 Elite Samurai
King_Rodriguez
12:04 Feudal Age
12:53 Double-Bit Axe
15:47 Forging
21:52 Fletching
27:35 Castle Age
26:35 Scale Mail Armor
26:28 Horse Collar
26:40 Gold Mining
30:03 Town Watch
30:19 Bodkin Arrow
29:47 Crossbowman
29:50 Pikeman
30:32 Squires
30:18 Arson
33:52 Wheelbarrow
35:19 Murder Holes
35:45 Ballistics
40:48 Imperial Age
41:44 Arbalester
44:36 Warwolf
44:43 Warwolf
46:08 Light Cavalry
58:21 Yeomen
61:35 Scale Barding Armor
62:07 Iron Casting
61:33 Bracer
Connection lost

Rejoining the realm…

Still unreachable

The connection could not be restored.

Session expired

The server has moved on; the page needs a fresh start.